 Dungeon Crawl Stone Soup version 0.31-a0-632-g766dd24fdf (webtiles) character file.

Game seed: 17747770597753775098

737 bobo the Cutter (level 8, -2/51 HPs)
             Began as a Kobold Berserker on Aug 25, 2023.
             Was a Believer of Trog.
             Splashed by a jelly's acid (5 damage)
             ... on level 5 of the Dungeon.
             The game lasted 00:08:34 (3843 turns).

bobo the Cutter (Kobold Berserker)                  Turns: 3843, Time: 00:08:35

Health: -2/51      AC:  3    Str: 14    XL:     8   Next: 4%
Magic:  8/8        EV: 15    Int:  9    God:    Trog [**....]
Gold:   264        SH:  0    Dex: 16    Spells: 7/7 levels left

rFire   + . .        o - +2 dagger (venom)
rCold   . . .        (no shield)
rNeg    . . .        s - +0 leather armour
rPois   .            (no helmet)
rElec   .            (no cloak)
rCorr   .            r - +0 pair of gloves
SInv    .            u - +2 pair of boots
Will    .....        (no amulet)
Stlth   ++++         f - ring of protection from fire
HPRegen 0.28/turn    (no ring)
MPRegen 0.11/turn

%: no passive effects
@: corroded
A: small, no large weapons, nightstalker 3
a: Renounce Religion, Berserk, Trog's Hand


You were on level 5 of the Dungeon.
You worshipped Trog.
Trog was pleased with you.
You visited 1 branch of the dungeon, and saw 5 of its levels.

You collected 264 gold pieces.

Inventory:

Hand Weapons
 o - a +2 dagger of venom (weapon)
Missiles
 k - 7 boomerangs (quivered)
Armour
 r - a +0 pair of gloves (worn)
 s - a +0 leather armour (worn)
 u - a +2 pair of boots (worn)
Jewellery
 f - a ring of protection from fire (left hand)
Scrolls
 d - 2 scrolls of revelation {unknown}
 e - a scroll of acquirement {unknown}
 g - 2 scrolls of teleportation {unknown}
 h - a scroll of enchant weapon {unknown}
 j - a scroll of blinking {unknown}
 p - 4 scrolls of identify {unknown}
 t - a scroll of fog {unknown}
 v - a scroll of enchant armour {unknown}
 w - a scroll of vulnerability {unknown}
Potions
 a - a potion of haste {unknown}
 b - a potion of ambrosia {unknown}
 c - 2 potions of curing {unknown}
 i - 2 potions of degeneration {unknown}
 l - a potion of attraction {unknown}
 m - a potion of magic {unknown}
 n - 2 potions of cancellation {unknown}
 q - a potion of enlightenment {unknown}
 x - a potion of lignification {unknown}


   Skills:
 * Level 6.1 Fighting
 * Level 7.4 Short Blades
 + Level 3.0 Throwing
 - Level 1.7 Armour
 - Level 3.0 Dodging
 + Level 4.2 Stealth


You had 7 spell levels left.
You didn't know any spells.
Your spell library was empty.

Dungeon Overview and Level Annotations

Branches:
Dungeon (5/15)             Temple (0/1) D:5

Altars:
Ashenzari
Fedhas
Hepliaklqana
Makhleb
Nemelex Xobeh
Okawaru
Qazlal
Xom


Innate Abilities, Weirdness & Mutations

You are small and have problems with some larger weapons.
You are completely attuned to the shadows.


Message History

You start resting.
You feel yourself speed up.
You start resting.
You recover from your berserk rage.
You start resting.
You hear a distant slurping noise.
A jelly comes into view.
Throw: 7 boomerangs
Press: ? - help, Q - select action, (/) - cycle Shift-Dir - straight line, f - jelly
Aim: a jelly (wandering, hasn't noticed you, 90% to hit)
You throw a boomerang. The jelly quivers.
The boomerang hits the jelly.
The jelly is lightly wounded.
Throw: 7 boomerangs
Press: ? - help, Q - select action, (/) - cycle Shift-Dir - straight line, f/p - jelly
Aim: a jelly (lightly wounded, 90% to hit)
You throw a boomerang. The boomerang hits the jelly.
The jelly is moderately wounded.
You hit the jelly. The acid corrodes you!
Your hands burn!
The jelly is severely wounded.
You hit the jelly but do no damage.
Your hands burn!
The jelly is severely wounded.
The jelly barely misses you.
You hit the jelly.
Your hands burn!
The jelly is severely wounded.
The jelly jiggles.
The jelly hits you.
You are splashed with acid!
* * * LOW HITPOINT WARNING * * *
You hit the jelly.
Your hands burn!
* * * LOW HITPOINT WARNING * * *
The jelly is severely wounded.
You barely miss the jelly.
The jelly is severely wounded.
The jelly hits you.
* * * LOW HITPOINT WARNING * * *
You are splashed with acid!
* * * LOW HITPOINT WARNING * * *
You hit the jelly but do no damage.
The jelly is poisoned.
Your hands burn!
You die...

.....########
..._........#...
###..........#...
.....#...........
.....'.....@#.#.#
.....#.....J.....
.....#......#....
#....#...........
#....#......#...>
.....#...........
.....# ..=..#...
#....# #....#


You could see a jelly (very poisoned).

Vanquished Creatures
  Grinder (D:5)
  2 black bears (D:4)
  A phantom (D:5)
  A bullfrog (D:5)
  A scorpion (D:4)
  A jelly (D:4)
  A hound (D:4)
  A worm (D:4)
  4 dart slugs
  6 orcs
  5 ball pythons
  3 bats
  5 endoplasms
  4 giant cockroaches
  7 goblins
  7 hobgoblins
  6 jackals (D:1)
  11 quokkas
  3 frilled lizards (D:3)
  8 kobolds
  10 rats
88 creatures vanquished.

Notes
Turn   | Place    | Note
-------+----------+-------------------------------------------
     0 | D:1      | bobo the Kobold Berserker began the quest for the Orb.
     0 | D:1      | Reached XP level 1. HP: 14/14 MP: 1/1
   150 | D:1      | Reached XP level 2. HP: 17/19 MP: 2/2
   174 | D:1      | Upgraded the game from 0.31-a0-626-g8143ab4f1d to
                  | 0.31-a0-632-g766dd24fdf
   561 | D:1      | Reached XP level 3. HP: 23/23 MP: 3/3
  1005 | D:2      | Reached skill level 1 in Stealth
  1102 | D:2      | Reached ** piety under Trog
  1474 | D:2      | Reached XP level 4. HP: 24/29 MP: 4/4
  2026 | D:3      | Reached skill level 5 in Short Blades
  2112 | D:3      | Found an iron altar of Okawaru.
  2968 | D:4      | Reached skill level 1 in Throwing
  2968 | D:4      | Reached XP level 5. HP: 33/33 MP: 5/5
  3067 | D:4      | Noticed a black bear
  3071 | D:4      | Killed a black bear
  3072 | D:4      | Reached XP level 6. HP: 39/39 MP: 6/6
  3133 | D:4      | Reached skill level 5 in Fighting
  3133 | D:4      | Reached skill level 6 in Short Blades
  3208 | D:4      | Found a hazy altar of Hepliaklqana.
  3262 | D:4      | Found a sparkling altar of Nemelex Xobeh.
  3361 | D:4      | Found a shimmering altar of Xom.
  3471 | D:4      | Found a blossoming altar of Fedhas.
  3504 | D:4      | Found a stormy altar of Qazlal.
  3509 | D:4      | Found a broken altar of Ashenzari.
  3568 | D:4      | Noticed a black bear
  3572 | D:4      | Killed a black bear
  3573 | D:4      | Reached XP level 7. HP: 44/44 MP: 7/7
  3632 | D:5      | Entered Level 5 of the Dungeon
  3716 | D:5      | Found a burning altar of Makhleb.
  3723 | D:5      | Noticed Grinder
  3728 | D:5      | Paralysed by Grinder for 4 turns
  3738 | D:5      | Found a staircase to the Ecumenical Temple.
  3746 | D:5      | Paralysed by Grinder for 2 turns
  3748 | D:5      | Killed Grinder
  3749 | D:5      | Reached skill level 7 in Short Blades
  3749 | D:5      | Reached XP level 8. HP: 4/51 MP: 8/8
  3843 | D:5      | Splashed by a jelly's acid

Illustrated notes

Levels and vault maps discovered:
D:1:      lemuel_arrival_room, layout_basic, hangedman_decor_points,
          minmay_indecisive_spiral
D:2:      layout_loops_ring, serial_rivers, chequers_serial_rivers_micro_e,
          chequers_serial_rivers_micro_c, chequers_serial_rivers_micro_b,
          chequers_serial_rivers_small_b, chequers_serial_rivers_room_b,
          supply_closet_lemuel, grunt_decor_mini_mirrors,
          kennysheep_generic_room_8
D:3:      layout_loops_cross, mainiacjoe_overflow_paths, corexii_corridor_pit,
          nicolae_kite_square_tiling_tiny
D:4:      layout_basic, minitemple, mainiacjoe_overflow_tiny_flanked,
          nicolae_overflow_hidden_temple, mainiacjoe_overflow_large_starburst
D:5:      layout_gridville, bloody_makhleb, minmay_temple_entry_glass,
          uniq_grinder

Skill      XL: |  1  2  3  4  5  6  7 |
---------------+----------------------+-----
Stealth        | 1 2 3 4 |  4.2
Dodging        | 3 |  3.0
Fighting       | 4 5 6 |  6.1
Short Blades   | 5 6 7 |  7.4
Throwing       | 1 2 3 |  3.0
Armour         | |  1.7

Action                     |  1- 3 |  4- 6 |  7- 9 || total
---------------------------+-------+-------+-------++-------
  Melee: Short sword       |   143 |     1 |       ||   144
         Punch             |     2 |       |       ||     2
         Dagger            |       |    90 |    25 ||   115
  Throw: Boomerang         |     2 |     1 |     2 ||     5
 Invoke: Berserk           |     1 |       |     1 ||     2
   Stab: Sleeping          |    11 |    17 |     2 ||    30
         Distracted        |       |     1 |       ||     1
 Armour: Animal skin       |    20 |     4 |       ||    24
         Leather armour    |       |     6 |     3 ||     9
  Dodge: Dodged            |    77 |    36 |     9 ||   122

Table legend: (Time is in decaauts)
 A = Elapsed time spent in this place.
 B = Non-inter-level travel time spent in this place.
 C = Inter-level travel time spent in this place.
 D = Time resting spent in this place.
 E = Time spent auto-exploring this place.
 F = Levels seen in this place.
 G = Mean time per level.
                   A        B        C        D        E       F      G
               +--------+--------+--------+--------+--------+-----+--------+
         Total |   3812 |   3615 |    197 |    151 |   2836 |   5 |  762.4 |
       Dungeon |   3812 |   3615 |    197 |    151 |   2836 |   5 |  762.4 |
               +--------+--------+--------+--------+--------+-----+--------+

Top non-repeatable levels by time:
     D:2: 1019 daAuts
     D:1: 981 daAuts
     D:3: 949 daAuts
     D:4: 648 daAuts
     D:5: 215 daAuts
